 Dungeon Crawl Stone Soup version 0.30.0-12-gd5a94ecb5d (webtiles) character file.

Game seed: 17544474415369886526

122 Dadi the Conjurer (level 4, 0/24 HPs)
             Began as a Deep Elf Conjurer on May 17, 2023.
             Slain by an orc
             ... wielding a +0 war axe
              (5 damage)
             ... on level 2 of the Dungeon.
             The game lasted 00:01:45 (1986 turns).

Dadi the Conjurer (Deep Elf Conjurer)               Turns: 1986, Time: 00:01:46

Health: 0/24       AC:  3    Str:  4    XL:     4   Next: 78%
Magic:  10/13      EV: 12    Int: 25    God:
Gold:   90         SH:  0    Dex: 13    Spells: 7/13 levels left

rFire   . . .        j - +0 whip
rCold   + . .        (no shield)
rNeg    . . .        a - +0 robe
rPois   .            (no helmet)
rElec   .            (no cloak)
rCorr   .            k - +0 pair of gloves
SInv    .            (no boots)
Will    .....        (no amulet)
Stlth   ++           e - ring of protection from cold
HPRegen 0.24/turn    (no ring)
MPRegen 0.13/turn

%: no passive effects
@: no status effects
A: no striking features
a: no special abilities


You were on level 2 of the Dungeon.
You visited 1 branch of the dungeon, and saw 3 of its levels.

You collected 90 gold pieces.

Inventory:

Hand Weapons
 j - a +0 whip (weapon)
Armour
 a - a +0 robe (worn)
 k - a +0 pair of gloves (worn)
Jewellery
 e - a ring of protection from cold (left hand)
 f - a ring of wizardry
Wands
 l - a wand of mindburst (13)
Scrolls
 d - a scroll of identify {unknown}
 g - a scroll of torment {unknown}
 h - a scroll of enchant armour {unknown}
 i - a scroll of teleportation {unknown}
 m - a scroll of fog {unknown}
 p - a scroll of poison {unknown}
Potions
 b - a potion of magic
 c - a potion of curing {unknown}
 n - a potion of lignification {unknown}
 o - a potion of heal wounds {unknown}
 q - a potion of cancellation {unknown}


   Skills:
 - Level 2.4 Dodging
 - Level 2.4 Stealth
 + Level 5.2 Spellcasting
 + Level 5.7 Conjurations


You had 7 spell levels left.
You knew the following spells:

 Your Spells              Type           Power      Damage    Failure   Level
a - Magic Dart            Conj           100%       1d8       1%          1
b - Searing Ray           Conj           70%        2d7       1%          2
c - Dazzling Flash        Conj/Hex       40%        N/A       8%          3

Your spell library contained the following spells:

 Spells                   Type           Power      Damage    Failure   Level
 Fulminant Prism          Conj/Hex       10%        3d9       24%         4
 Iskenderun's Mystic Bla  Conj/Tloc      20%        2d6       24%         4


Dungeon Overview and Level Annotations

Branches:
Dungeon (3/15)

Altars:


Message History

You are very lightly contaminated with residual magic.
Nothing appears to happen.
The orc shouts!
An orc comes into view. It is wielding a +0 falchion.
An orc priest comes into view. It is wielding a +0 trident.
The magic dart hits the orc priest!
You kill the orc priest!
The orc priest shouts!
The orc shouts!
Your Spellcasting skill increases to level 5!
You climb upwards.
There is a stone staircase leading down here.
You start resting.
Your magical contamination has completely faded away.
You start resting.
Magic restored.
You can't go up here!
You climb downwards.
The endoplasm barely misses you. The orc barely misses you.
The orc hits you with a +0 falchion. The orc misses you.
There is a stone staircase leading up here.
The endoplasm misses you. The orc closely misses you. The orc misses you.
The orc hits you with a +0 war axe.
The orc priest calls down the wrath of Beogh upon you.
Beogh smites you!
Ouch! That really hurt!
* * * LOW HITPOINT WARNING * * *
You climb upwards.
There is a stone staircase leading down here.
Casting: Magic Dart (safe; 1% risk of failure)
Confirm with . or Enter, or press ? or * to list all spells.
The spell is quite dangerous to miscast (8% risk of failure)!
Continue anyway?
Casting: Dazzling Flash (quite dangerous; 8% risk of failure)
Press: ? - help, Dir - look around, f - activate The orc is dazzled. x3; The endoplasm closely misses you.
The orc misses you. x2
The orc hits you but does no damage. The endoplasm hits you.
* * * LOW HITPOINT WARNING * * *
The orc barely misses you. The orc closely misses you.
The orc hits you with a +0 war axe.
You die...

......≈~~................#
.....~≈≈≈~........######.#
P~~~~~≈≈~~♣......[# #.#
PP~≈~≈≈≈~≈~.#####.# #.#####
..P~≈~≈≈~≈~.# #.######.....#
P[.~~≈~≈~≈P.#####.##....####.#
....~≈≈~~~........##.##.# #.#
PPP.P~~≈≈~..########....####.#
P.....~~.P.....o@o....##.....#
P..........P...Jo####.##.#####
#.##.............# #....#
..##.............#########
...................#
....###............# ....#
#...####.....# ..#####...##
#.....# ...........#####.####


You could see 3 orcs and an endoplasm.

Vanquished Creatures
  An orc priest (D:3)
  Jessica (D:2)
  3 adders (D:2)
  2 dart slugs
  3 ball pythons
  3 endoplasms
  3 giant cockroaches
  6 goblins
  2 hobgoblins (D:1)
  3 kobolds
  A quokka (D:2)
  2 bats (D:1)
  2 frilled lizards (D:2)
  3 rats
35 creatures vanquished.

Notes
Turn   | Place    | Note
-------+----------+-------------------------------------------
     0 | D:1      | Dadi the Deep Elf Conjurer began the quest for the Orb.
     0 | D:1      | Reached XP level 1. HP: 10/10 MP: 6/6
   231 | D:1      | Reached XP level 2. HP: 15/15 MP: 4/8
  1206 | D:2      | Reached skill level 5 in Conjurations
  1206 | D:2      | Reached XP level 3. HP: 19/19 MP: 6/10
  1419 | D:2      | Learned a level 2 spell: Searing Ray
  1423 | D:2      | Learned a level 3 spell: Dazzling Flash
  1682 | D:2      | Found a faded altar of an unknown god.
  1687 | D:2      | Noticed Jessica
  1690 | D:2      | Killed Jessica
  1691 | D:2      | Reached XP level 4. HP: 24/24 MP: 8/12
  1934 | D:3      | Reached skill level 5 in Spellcasting
  1986 | D:2      | Slain by an orc

Illustrated notes

Levels and vault maps discovered:
D:1:      sevenhm_arrival_forest_fort_small_6, layout_loops_corners
D:2:      layout_basic, dreamdust_ecumenical_altar_statues,
          guppyfry_early_lair_pool, uniq_jessica
D:3:      layout_basic, grunt_gozag_statues

Skill      XL: |  1  2  3  4 |
---------------+-------------+-----
Spellcasting   | 4 5 |  5.2
Conjurations   | 5 |  5.7
Dodging        | |  2.4
Stealth        | |  2.4

Action                     |  1- 3 |  4- 6 || total
---------------------------+-------+-------++-------
   Cast: Magic Dart        |    63 |     8 ||    71
         Dazzling Flash    |       |     1 ||     1
 Armour: Robe              |       |     1 ||     1
  Dodge: Dodged            |     4 |    11 ||    15
